 Dungeon Crawl Stone Soup version 0.27-a0-1312-g5cdb2b3542 (webtiles) character file.

Game seed: 14466810579497119387

32 bjtr the Stinger (level 3, -4/20 HPs)
             Began as a Gargoyle Venom Mage on June 19, 2021.
             Slain by Crazy Yiuf (5 damage)
             ... on level 2 of the Dungeon.
             The game lasted 00:07:16 (1423 turns).

bjtr the Stinger (Gargoyle Venom Mage)              Turns: 1423, Time: 00:07:20

Health: -4/20      AC:  5    Str: 11    XL:     3   Next: 27%
Magic:  2/6        EV: 12    Int: 16    God:
Gold:   65         SH:  0    Dex: 10    Spells: 5/6 levels left

rFire    . . .     SeeInvis .   j - +2 short sword (speed)
rCold    . . .     Faith    .   (no shield)
rNeg     + . .     Spirit   .   a - +0 robe
rPois    ∞         Reflect  .   (no helmet)
rElec    +         Harm     .   (no cloak)
rCorr    .         Rampage  .   (no gloves)
Will     .....                  (no boots)
Stlth    ++........             (no amulet)
HPRegen  0.06/turn              (no ring)
MPRegen  0.10/turn              (no ring)

@: no status effects
A: sickness immunity, AC +3, negative energy resistance 1, electricity
resistance, torment resistance 1, petrification resistance
a: no special abilities


You were on level 2 of the Dungeon.
You visited 1 branch of the dungeon, and saw 2 of its levels.

You collected 65 gold pieces.

Inventory:

Hand Weapons
 e - a +0 club
 g - a +0 dagger
 i - a +0 short sword
 j - a +2 short sword of speed (weapon)
Missiles
 k - 18 stones
Armour
 a - a +0 robe (worn)
Scrolls
 b - a scroll of immolation {unknown}
 d - a scroll of enchant weapon {unknown}
 f - 3 scrolls of amnesia {unknown}
 h - 2 scrolls of identify {unknown}
Potions
 c - a potion of attraction {unknown}
 l - 2 potions of ambrosia {unknown}
 m - a potion of curing


   Skills:
 * Level 0.3 Fighting
 + Level 1.7 Dodging
 + Level 2.5 Stealth
 * Level 2.2 Spellcasting
 * Level 1.0 Conjurations
 + Level 1.0 Transmutations
 * Level 3.4 Poison Magic


You had 5 spell levels left.
You knew the following spells:

 Your Spells              Type           Power      Damage    Failure   Level
a - Sting                 Tmut/Pois      32%        1d4       9%          1

Your spell library contained the following spells:

 Spells                   Type           Power      Damage    Failure   Level
 Poisonous Vapours        Pois/Air       14%        N/A       16%         2
 Ignite Poison            Fire/Tmut/Pois 6%         N/A       32%         3
 Mephitic Cloud           Conj/Pois/Air  6%         N/A       32%         3
 Olgreb's Toxic Radiance  Pois           12%        N/A       43%         4


Dungeon Overview and Level Annotations

Branches:
Dungeon (2/15)

Altars:

Annotations:
D:2 Crazy Yiuf, Jessica, Terence


Innate Abilities, Weirdness & Mutations

You are immune to sickness and miasma.
Your stone body is resilient. (AC +3)
You are immune to poison.
You resist negative energy. (rN+)
You are resistant to electric shocks. (rElec)
You are resistant to unholy torment.
You are immune to petrification.


Message History

Aiming: Sting (safe; 9% risk of failure)
Press: ? - help, Shift-Dir - straight line, f/p - Crazy Yiuf
Aim: Crazy Yiuf, wielding a +3 quarterstaff of chaos and wearing a +0 cloak (lightly wounded, 72% to hit)
The sting hits Crazy Yiuf.
Crazy Yiuf is poisoned.
Crazy Yiuf is moderately wounded.
Crazy Yiuf drinks a potion.
Crazy Yiuf is healed!
Crazy Yiuf looks more healthy.
Casting: Sting (safe; 9% risk of failure)
Confirm with . or Enter, or press ? or * to list all spells.
Aiming: Sting (safe; 9% risk of failure)
Press: ? - help, Shift-Dir - straight line, f/p - Crazy Yiuf
Aim: Crazy Yiuf, wielding a +3 quarterstaff of chaos and wearing a +0 cloak (72% to hit)
The sting hits Crazy Yiuf.
Crazy Yiuf is poisoned.
Crazy Yiuf is lightly wounded.
Crazy Yiuf grits, "Island high green!"
Casting: Sting (safe; 9% risk of failure)
Confirm with . or Enter, or press ? or * to list all spells.
Aiming: Sting (safe; 9% risk of failure)
Press: ? - help, Shift-Dir - straight line, f/p - Crazy Yiuf
Aim: Crazy Yiuf, wielding a +3 quarterstaff of chaos and wearing a +0 cloak (heavily wounded, poisoned, 72% to hit)
The sting hits Crazy Yiuf but does no damage.
Crazy Yiuf looks even sicker.
Crazy Yiuf is heavily wounded.
Crazy Yiuf hits you with a +3 quarterstaff of chaos.
Crazy Yiuf grits, "Defame!"
Casting: Sting (safe; 9% risk of failure)
Confirm with . or Enter, or press ? or * to list all spells.
Aiming: Sting (safe; 9% risk of failure)
Press: ? - help, Shift-Dir - straight line, f/p - Crazy Yiuf
Aim: Crazy Yiuf, wielding a +3 quarterstaff of chaos and wearing a +0 cloak (heavily wounded, poisoned, 72% to hit)
The sting hits Crazy Yiuf.
Crazy Yiuf looks even sicker.
Crazy Yiuf is severely wounded.
Unknown command.
You hit Crazy Yiuf but do no damage.
Crazy Yiuf is severely wounded.
Crazy Yiuf hits you with a +3 quarterstaff of chaos!
Ouch! That really hurt!
* * * LOW HITPOINT WARNING * * *
Crazy Yiuf freezes you.
You die...

# ############### ##.
# #.............#
...##.#.............#
......#.......^.....#
......#.............#
....................#
........@g..........#
.......<####....###.
........# #....#
........# #.PP.#
........# ##P..#
#####...# ##.## ###.#
##.# ### #.## ##g# #


You could see Crazy Yiuf (very poisoned).

Vanquished Creatures
  An endoplasm (D:1)
  A giant cockroach (D:1)
  3 goblins (D:1)
  4 hobgoblins
  6 jackals (D:1)
  2 kobolds (D:1)
  2 quokkas (D:1)
  3 ball pythons (D:1)
  2 bats (D:1)
  2 frilled lizards (D:1)
  A rat (D:1)
27 creatures vanquished.

Notes
Turn   | Place    | Note
-------+----------+-------------------------------------------
     0 | D:1      | bjtr the Gargoyle Venom Mage began the quest for the Orb.
     0 | D:1      | Reached XP level 1. HP: 10/10 MP: 3/3
   474 | D:1      | Reached XP level 2. HP: 15/15 MP: 3/5
   685 | D:1      | Reached skill level 1 in Transmutations
   752 | D:1      | Reached XP level 3. HP: 14/19 MP: 3/6
  1245 | D:1      | Reached skill level 1 in Conjurations
  1317 | D:2      | Noticed Jessica
  1341 | D:2      | Noticed Terence
  1397 | D:2      | Found a runed translucent door.
  1398 | D:2      | Noticed Crazy Yiuf
  1423 | D:2      | HP: 1/20 [Crazy Yiuf (13)]
  1423 | D:2      | Slain by Crazy Yiuf

Illustrated notes

Levels and vault maps discovered:
D:1:      dpeg_arrival_short_road, layout_loops_ring
D:2:      layout_basic, serial_glass, glass_columns_a, glass_columns_b,
          glass_columns_c, glass_columns_c, basic_ecumenical_altar,
          minmay_joined_circles, uniq_jessica, uniq_terence,
          uniq_crazy_yiuf_cottage

Skill      XL: |  1  2  3 |
---------------+----------+-----
Transmutations | 1 |  1.0
Conjurations   | 1 |  1.0
Fighting       | |  0.3
Dodging        | |  1.7
Stealth        | |  2.5
Spellcasting   | |  2.2
Poison Magic   | |  3.4

Action                   || total
-------------------------++-------
Melee: Unarmed           ||     2
       Short sword       ||    20
       Club              ||     4
 Cast: Sting             ||    37
 Stab: Sleeping          ||     1
Armor: Robe              ||    17
Dodge: Dodged            ||    29

Table legend: (Time is in decaauts)
 A = Elapsed time spent in this place.
 B = Non-inter-level travel time spent in this place.
 C = Inter-level travel time spent in this place.
 D = Time resting spent in this place.
 E = Time spent auto-exploring this place.
 F = Levels seen in this place.
 G = Mean time per level.
                   A        B        C        D        E       F      G
               +--------+--------+--------+--------+--------+-----+--------+
         Total |   1425 |   1385 |     40 |    383 |    651 |   2 |  712.5 |
       Dungeon |   1425 |   1385 |     40 |    383 |    651 |   2 |  712.5 |
               +--------+--------+--------+--------+--------+-----+--------+

Top non-repeatable levels by time:
     D:1: 1345 daAuts
     D:2: 79 daAuts
